 Dungeon Crawl Stone Soup version 0.30-a0-339-g89bb51ec76 (webtiles) character file.

Game seed: 14682183615105314310

236 Hubris850 the Shooter (level 5, -2/30 HPs)
             Began as a Deep Elf Hunter on Oct 31, 2022.
             Was an Initiate of Ashenzari.
             Slain by an iguana (7 damage)
             ... on level 4 of the Dungeon.
             The game lasted 00:07:57 (2159 turns).

Hubris850 the Shooter (Deep Elf Hunter)             Turns: 2159, Time: 00:07:58

Health: -2/30      AC: 11    Str:  7 (8)  XL:     5   Next: 77%
Magic:  11/11      EV: 12    Int: 19 (22) God:    Ashenzari [......]
Gold:   179        SH:  0    Dex: 17 (18) Spells: 10/10 levels left

rFire   . . .      SeeInvis .    a - +0 shortbow
rCold   . . .      Faith    .    (shield currently unavailable)
rNeg    . . .      Spirit   .    c - +0 leather armour of the Wild Blue Yonder {Self, Bglg} (curse)
rPois   .          Reflect  .    q - +1 helmet
rElec   +          Harm     .    (no cloak)
rCorr   .          Rampage  .    e - +1 pair of gloves of the Land of Plenty {rElec Stlth+}
Will    .....                    (no boots)
Stlth   ++++......               (no amulet)
HPRegen 0.25/turn                h - +6 ring of intelligence
MPRegen 0.12/turn                i - +4 ring of protection

@: mighty, brilliant
A: no striking features
a: Renounce Religion, Curse Item, Shatter the Chains


You were on level 4 of the Dungeon.
You worshipped Ashenzari.
Ashenzari was noncommittal.
You visited 1 branch of the dungeon, and saw 4 of its levels.

You collected 179 gold pieces.

Inventory:

Hand Weapons
 a - a +0 shortbow (weapon)
 k - a +0 long sword
 m - a +0 rapier
 o - a +2 dagger of protection
Armour
 c - the cursed +0 leather armour of the Wild Blue Yonder (worn) {Self, Bglg}

   It has a curse which improves the following skills: Introspection: Fighting
   and Spellcasting.
   Beguiling: Conjurations, Hexes and Translocations.
 e - the +1 pair of gloves of the Land of Plenty (worn) {rElec Stlth+}
   (You acquired it on level 1 of the Dungeon)

   rElec:     It insulates you from electricity.
   Stlth:     It makes you more stealthy.
 q - a +1 helmet (worn)
Jewellery
 h - a +6 ring of intelligence (left hand)
 i - a +4 ring of protection (right hand)
 t - a ring of magical power
Wands
 f - a wand of polymorph (7)
Scrolls
 b - a scroll of immolation
 d - 7 scrolls of identify
 g - 3 scrolls of torment
 n - 2 scrolls of teleportation
 r - 2 scrolls of amnesia {unknown}
 u - a scroll of fear
Potions
 v - a potion of flight {unknown}


   Skills:
 - Level 1.5(1.9) Fighting
 + Level 7.6 Ranged Weapons
 - Level 3.0 Dodging
 - Level 4.0 Stealth
 + Level 2.7(3.1) Spellcasting


You had 10 spell levels left.
You didn't know any spells.
Your spell library contained the following spells:

 Spells                   Type           Power      Damage    Failure   Level
 Apportation              Tloc           8%         N/A       22%         1
 Alistair's Intoxication  Tmut/Pois      2%         N/A       99%         5


Dungeon Overview and Level Annotations

Branches:
Dungeon (4/15)
 Temple: D:4-7

Altars:
Ashenzari
Elyvilon
Nemelex Xobeh
Okawaru
Trog
Vehumet

Shops:
D:1 *


Message History

The arrow hits the iguana but does no damage.
The iguana is moderately wounded.
The iguana bites you.
* * * LOW HITPOINT WARNING * * *
Fire: a) +0 shortbow
Press: ? - help, Q - select action, (/) - cycle Shift-Dir - straight line, f/p - iguana
Aim: an iguana (moderately wounded, 68% to hit)
You shoot an arrow. The arrow completely misses the iguana.
The arrow barely misses the adder.
The iguana bites you.
* * * LOW HITPOINT WARNING * * *
You feel better.
The iguana bites you but does no damage.
It was a potion of degeneration.
There was something very wrong with that liquid.
You feel weakened.
You feel dopey.
You feel clumsy.
An orc wizard appears from thin air!
Reactivating autopickup.
The iguana bites you but does no damage.
It was a potion of brilliance.
You feel clever all of a sudden.
The iguana bites you but does no damage.
It was a potion of might.
You feel very mighty all of a sudden. The iguana bites you!
* * * LOW HITPOINT WARNING * * *
Fire: a) +0 shortbow
Press: ? - help, Q - select action, (/) - cycle Shift-Dir - straight line, f/p - iguana
Aim: an iguana (moderately wounded, 66% to hit)
You shoot an arrow. The arrow barely misses the iguana.
The arrow misses the adder.
The arrow closely misses the orc wizard.
The iguana closely misses you.
Fire: a) +0 shortbow
Press: ? - help, Q - select action, (/) - cycle Shift-Dir - straight line, f/p - iguana
Aim: an iguana (lightly wounded, 66% to hit)
You shoot an arrow. The arrow hits the iguana.
The iguana is moderately wounded.
The iguana bites you!
You die...

.....#...........
.#.....#..........#.#
.......##....)..##.#.
....................#
....###............# ..
#.o........... #.
#.............
#..#.#.####.........#...
#/.....@lSo.......>.###.
###....##o)...........#.
##... ##..............
#(#. #..............
#.... #...........#.. #.
.. ...............# #
...(................
...######...##...##.
###.....###.


You could see an iguana, an orc wizard, an adder and an orc.

Vanquished Creatures
  A jelly (D:4)
  Natasha (thrice) (D:2)
  Robin (D:2)
  An adder (D:3)
  A gnoll (D:3)
  An ufetubus (D:4)
  4 worms
  2 dart slugs (D:3)
  4 orcs
  8 ball pythons
  3 endoplasms (D:2)
  A giant cockroach (D:3)
  11 goblins
  10 hobgoblins
  3 jackals (D:3)
  5 kobolds
  4 quokkas
  7 bats
  3 frilled lizards
  5 rats
78 creatures vanquished.

Vanquished Creatures (others)
  A fungus (D:3)
  2 plants (D:3)
3 creatures vanquished.

Grand Total: 81 creatures vanquished

Notes
Turn   | Place    | Note
-------+----------+-------------------------------------------
     0 | D:1      | Hubris850 the Deep Elf Hunter began the quest for the Orb.
     0 | D:1      | Reached XP level 1. HP: 12/12 MP: 3/3
    41 | D:1      | Found Mitwah's General Store.
    97 | D:1      | Identified a scroll of acquirement
    97 | D:1      | Acquired the +1 pair of gloves of the Land of Plenty {rElec
                  | Stlth+}
   171 | D:1      | You fall into a shaft and drop 1 floor!
   213 | D:2      | Reached XP level 2. HP: 15/16 MP: 4/4
   455 | D:2      | Found a white marble altar of Elyvilon.
   500 | D:2      | Noticed Natasha
   505 | D:2      | Killed Natasha
   506 | D:2      | Reached skill level 6 in Ranged Weapons
   506 | D:2      | Reached XP level 3. HP: 20/20 MP: 5/5
   724 | D:2      | Noticed Natasha
   736 | D:2      | Killed Natasha
   737 | D:2      | Reached XP level 4. HP: 6/25 MP: 6/6
   825 | D:2      | Noticed Natasha
   834 | D:2      | Killed Natasha
   907 | D:2      | Noticed Robin
   932 | D:2      | Killed Robin
   995 | D:2      | Reached skill level 7 in Ranged Weapons
  1185 | D:3      | Found a faded altar of an unknown god.
  1191 | D:3      | Reached XP level 5. HP: 29/29 MP: 7/7
  1196 | D:3      | Prayed at the altar of an unknown god.
  1196 | D:3      | Became a worshipper of Ashenzari the Shackled
  1254 | D:3      | Found a radiant altar of Vehumet.
  1291 | D:3      | Found a bloodstained altar of Trog.
  1384 | D:3      | Reached skill level 1 in Spellcasting
  1395 | D:3      | Found an iron altar of Okawaru.
  1788 | D:3      | Found a sparkling altar of Nemelex Xobeh.
  2159 | D:4      | Slain by an iguana

Illustrated notes

Levels and vault maps discovered:
D:1:      tarquinn_simple_flora_water_e, layout_rooms, serial_shops,
          nicolae_shop_statue_plus
D:2:      layout_loops_cross, basic_altar, grunt_decor_arrowhead, uniq_robin,
          uniq_natasha
D:3:      layout_loops_ring, mainiacjoe_overflow_boulevard,
          lightli_temple_of_fire, vehumet_crystals, okawaru_altar_gauntlet_db,
          hellmonk_ecumenical_altar_dog_temple, kennysheep_generic_room_2
D:4:      layout_rooms, general_overflow_altar, minmay_temple_entry_nine_rooms

Skill      XL: |  1  2  3  4  5 |
---------------+----------------+-----
Stealth        | 2 3 4 |  4.0
Ranged Weapons | 6 7 |  7.6
Dodging        | 3 |  3.0
Spellcasting   | 2 |  2.7
Fighting       | |  1.5

Action                   |  1- 3 |  4- 6 || total
-------------------------+-------+-------++-------
 Fire: Shortbow          |    59 |   153 ||   212
Throw: Throwing net      |     1 |       ||     1
Invok: Curse Item        |       |     1 ||     1
  Use: Scroll            |     5 |     4 ||     9
       Potion            |       |     5 ||     5
Armor: Leather armour    |     5 |    42 ||    47
Dodge: Dodged            |     5 |    78 ||    83

Table legend: (Time is in decaauts)
 A = Elapsed time spent in this place.
 B = Non-inter-level travel time spent in this place.
 C = Inter-level travel time spent in this place.
 D = Time resting spent in this place.
 E = Time spent auto-exploring this place.
 F = Levels seen in this place.
 G = Mean time per level.
                   A        B        C        D        E       F      G
               +--------+--------+--------+--------+--------+-----+--------+
         Total |   2205 |   2136 |     69 |    127 |   1557 |   4 |  551.2 |
       Dungeon |   2205 |   2136 |     69 |    127 |   1557 |   4 |  551.2 |
               +--------+--------+--------+--------+--------+-----+--------+

Top non-repeatable levels by time:
     D:3: 860 daAuts
     D:2: 831 daAuts
     D:1: 380 daAuts
     D:4: 132 daAuts
